 Dungeon Crawl Stone Soup version 0.30-a0-782-ge64f9170bb (webtiles) character file.

Game seed: 4862148463648224601

8204 Lavandula the Spear-Bearer (level 11, -6/75 HPs)
             Began as a Human Monk on Feb 22, 2023.
             Was a Believer of Elyvilon.
             Mangled by a tengu warrior
             ... wielding a +0 battleaxe
              (18 damage)
             ... on level 9 of the Dungeon.
             The game lasted 00:14:52 (8723 turns).

Lavandula the Spear-Bearer (Human Monk)             Turns: 8723, Time: 00:14:52

Health: -6/75      AC: 14    Str: 15    XL:     11   Next: 51%
Magic:  9/18       EV: 11    Int: 18    God:    Elyvilon [**....]
Gold:   625        SH:  0    Dex: 15    Spells: 10/10 levels left

rFire   . . .      SeeInvis .    A - +0 trident (venom)
rCold   . . .      Faith    .    (no shield)
rNeg    . . .      Spirit   .    q - +2 ring mail of the Imp {rPois Regen+}
rPois   +          Reflect  .    M - +2 hat
rElec   .          Harm     .    K - +0 cloak
rCorr   +          Rampage  .    l - +2 pair of gloves {infuse}
Will    .....                    (no boots)
Stlth   +                        (no amulet)
HPRegen 1.12/turn                f - ring of resist corrosion
MPRegen 0.16/turn                n - +6 ring of intelligence

@: spiked, studying Shields
A: horns 1
a: Renounce Religion, Purification, Heal Other


You were on level 9 of the Dungeon.
You worshipped Elyvilon.
Elyvilon was pleased with you.
You visited 1 branch of the dungeon, and saw 9 of its levels.
You also visited: Sewer and Ossuary.

You collected 812 gold pieces.
You spent 187 gold pieces at shops.

Inventory:

Hand Weapons
 a - a +0 falchion of freezing
 A - a +0 trident of venom (weapon)
 N - a +2 spear of venom
Missiles
 B - 5 javelins (quivered)
 D - 37 poisoned darts
 T - 2 throwing nets
Armour
 l - a +2 pair of gloves of infusion (worn)
 q - the +2 ring mail of the Imp (worn) {rPois Regen+}
   (You found it on level 2 of the Dungeon)

   rPois:     It protects you from poison.
   Regen:     It increases your rate of health regeneration.
 K - a +0 cloak (worn)
 M - a +2 hat (worn)
 X - a +2 kite shield
Jewellery
 f - a ring of resist corrosion (left hand)
 n - a +6 ring of intelligence (right hand)
 r - a ring of magical power
Wands
 m - a wand of mindburst (2)
 S - a wand of flame (1)
 W - a wand of polymorph (7)
Scrolls
 h - 3 scrolls of teleportation
 o - 2 scrolls of brand weapon
 p - a scroll of fear
 s - a scroll of immolation
 u - 3 scrolls of enchant weapon {unknown}
 v - a scroll of butterflies {unknown}
 w - 4 scrolls of amnesia
 x - a scroll of silence
 y - 2 scrolls of magic mapping {unknown}
 z - 5 scrolls of fog
 C - 4 scrolls of poison
 I - 2 scrolls of vulnerability
 V - a scroll of enchant armour
Potions
 c - 2 potions of ambrosia
 d - 2 potions of curing
 i - a potion of degeneration {unknown}
 k - 3 potions of mutation
 t - 4 potions of flight
 E - 3 potions of resistance
 F - a potion of magic {unknown}
 G - a potion of invisibility
 H - 2 potions of cancellation
 J - 3 potions of brilliance
 L - 2 potions of heal wounds {unknown}
 O - 2 potions of might
 P - a potion of lignification {unknown}
 Q - a potion of haste {unknown}
 R - a potion of attraction {unknown}
 U - 2 potions of berserk rage {unknown}


   Skills:
 - Level 3.0 Fighting
 - Level 5.8 Long Blades
 - Level 11.6 Polearms
 - Level 6.1 Armour
 - Level 3.0 Dodging
 - Level 2.0 Stealth
 + Level 4.2 Shields
 - Level 10.0 Invocations


You had 10 spell levels left.
You didn't know any spells.
Your spell library contained the following spells:

 Spells                   Type           Power      Damage    Failure   Level
 Summon Forest            Summ/Tloc      0%         N/A       100%        5
 Eringya's Noxious Bog    Tmut/Pois      0%         N/A       100%        6
 Summon Hydra             Summ           0%         N/A       100%        7


Dungeon Overview and Level Annotations

Branches:
Dungeon (10/15)            Temple (0/1) D:6           Sewer (visited)
Ossuary (visited)
   Lair: D:8-11         Orc: D:9-12

Altars:
Elyvilon
Gozag
Kikubaaqudgha
Ru

Shops:
D:3 [

Portals:
Trove: D:10 (give 13 scrolls of teleportation)


Innate Abilities, Weirdness & Mutations

You have a pair of small horns on your head.


Message History

The light of Elyvilon fails to reach the tengu warrior.
The killer bee barely misses you. The orc closely misses you.
The tengu warrior hits you with a +0 battleaxe!
* * * LOW HITPOINT WARNING * * *
The tengu warrior pecks you.
* * * LOW HITPOINT WARNING * * *
The tengu warrior claws you.
* * * LOW HITPOINT WARNING * * *
The killer bee closely misses you.
You are healed.
You can no longer provide healing for yourself.
The killer bee completely misses you. The orc misses you.
A kobold brigand comes into view.
It is wielding a +0 short sword and quivering curare-tipped darts.
The tengu warrior hits you with a +0 battleaxe!
* * * LOW HITPOINT WARNING * * *
The tengu warrior pecks you.
* * * LOW HITPOINT WARNING * * *
The tengu warrior claws you.
* * * LOW HITPOINT WARNING * * *
The killer bee stings you but does no damage.
Okay, then.
Okay, then.
It was a potion of brilliance.
You feel clever all of a sudden. The killer bee stings you.
* * * LOW HITPOINT WARNING * * *
The orc hits you with a +0 short sword.
* * * LOW HITPOINT WARNING * * *
The tengu warrior closely misses you.
The tengu warrior pecks you but does no damage.
The tengu warrior barely misses you.
The killer bee stings you but does no damage.
It was a potion of cancellation.
Your magical effects are unravelling.
You feel magically purged.
You feel a little less clever now.
You are no longer corroded.
The killer bee stings you but does no damage.
The orc hits you but does no damage.
The tengu warrior hits you with a +0 battleaxe!!
You die...

#..>##>......#
#.############
##.# #..# #.##
. ##)# )H.
#..#
.....##..#
.....yo@##
.....yyQ#
.../.oy{#
.......{#
.........
.......K.
.........
..........


You could see a tengu warrior, a kobold brigand, 4 killer bees, an orc priest,
an orc and a neutral manticore (wandering).

Vanquished Creatures
  Gastronok (D:10)
  Nergalle (D:10)
  A gargoyle (D:10)
  Maggie (D:8)
  A komodo dragon (D:10)
  Grinder (D:4)
  Sigmund (D:3)
  A wyvern (D:9)
  A wraith (Ossuary)
  4 yaks
  5 humans (D:10)
  A steam dragon (D:10)
  3 water moccasins
  A black bear (D:5)
  A sky beast (D:5)
  An orc warrior (D:10)
  A phantom (D:5)
  3 centaurs
  2 kobold brigands
  3 gnoll sergeants
  4 scorpions
  A necrophage (D:5)
  4 wights
  6 killer bees
  4 howler monkeys
  4 hounds
  2 orc priests
  A gnoll bouda (D:8)
  An orc wizard (D:6)
  3 mummies (Ossuary)
  5 adders
  12 gnolls
  A white imp (D:6)
  An ufetubus (D:5)
  3 worms (D:2)
  4 dart slugs
  13 orcs
  7 endoplasms
  7 giant cockroaches
  4 goblins
  4 hobgoblins
  5 jackals
  26 kobolds
  5 quokkas
  13 ball pythons
  4 bats
  7 frilled lizards
  5 goblin zombies (Ossuary)
  2 hobgoblin zombies (Ossuary)
  4 kobold zombies (Ossuary)
  4 rats
200 creatures vanquished.

Vanquished Creatures (others)
  2 fungi (D:9)
  37 plants
39 creatures vanquished.

Grand Total: 239 creatures vanquished

Notes
Turn   | Place    | Note
-------+----------+-------------------------------------------
     0 | D:1      | Lavandula the Human Monk began the quest for the Orb.
     0 | D:1      | Reached XP level 1. HP: 18/18 MP: 1/1
   204 | D:1      | Reached XP level 2. HP: 11/24 MP: 2/2
   713 | D:1      | Reached XP level 3. HP: 25/29 MP: 3/3
  1085 | D:2      | Identified the +2 ring mail of the Imp {rPois Regen+}
  1588 | D:2      | Reached XP level 4. HP: 35/35 MP: 4/4
  1698 | D:3      | Found a faded altar of an unknown god.
  1702 | D:3      | Found Ecvug's Antique Armour Shoppe.
  1733 | D:3      | Reached skill level 5 in Long Blades
  1921 | D:3      | Noticed Sigmund
  2062 | D:3      | Reached XP level 5. HP: 41/41 MP: 5/5
  2168 | D:3      | Found an opulent altar of Gozag.
  2168 | D:3      | Found a sacrificial altar of Ru.
  2233 | D:3      | Found a white marble altar of Elyvilon.
  2432 | D:3      | Became a worshipper of Elyvilon the Healer
  2432 | D:3      | Reached * piety under Elyvilon
  2432 | D:3      | Reached ** piety under Elyvilon
  2896 | D:4      | Reached skill level 2 in Polearms
  2896 | D:4      | Reached XP level 6. HP: 47/47 MP: 6/6
  3012 | D:4      | Noticed Grinder
  3024 | D:4      | Killed Grinder
  3025 | D:4      | Reached skill level 4 in Polearms
  3025 | D:4      | Reached XP level 7. HP: 51/52 MP: 7/7
  3190 | D:5      | Entered Level 5 of the Dungeon
  3194 | D:5      | Reached skill level 5 in Polearms
  3308 | D:3      | Bought a pair of glowing gloves for 187 gold pieces
  3492 | D:3      | Killed Sigmund
  3493 | D:3      | Reached skill level 6 in Polearms
  3493 | D:3      | Reached XP level 8. HP: 52/58 MP: 5/8
  3589 | D:5      | Found a glowing drain.
  3604 | Sewer    | Entered a sewer
  3692 | Sewer    | Reached skill level 7 in Polearms
  4089 | D:5      | Reached *** piety under Elyvilon
  4553 | D:5      | Reached skill level 8 in Polearms
  4813 | D:5      | Reached skill level 9 in Polearms
  4813 | D:5      | Reached XP level 9. HP: 63/63 MP: 4/9
  4989 | D:6      | Found a staircase to the Ecumenical Temple.
  5464 | D:6      | Reached skill level 10 in Polearms
  5593 | D:6      | Reached **** piety under Elyvilon
  5600 | D:6      | You fall into a shaft and drop 3 floors!
  5611 | D:8      | Found a sand-covered staircase.
  5616 | Ossuary  | Entered an ossuary
  6389 | D:8      | Reached skill level 11 in Polearms
  6716 | D:8      | Noticed Maggie
  6727 | D:8      | Killed Maggie
  6728 | D:8      | Reached XP level 10. HP: 61/70 MP: 1/12
  6911 | D:9      | Noticed a two-headed ogre
  6920 | D:9      | Reached skill level 5 in Invocations
  6928 | D:10     | Entered Level 10 of the Dungeon
  6928 | D:10     | Noticed a gargoyle
  7120 | D:10     | Noticed a komodo dragon
  7132 | D:10     | Killed a komodo dragon
  7286 | D:10     | Identified the +4 falchion of Owesuam {spect, rF+ Will+
                  | Int-5 Stlth+}
  7306 | D:10     | Gained mutation: You have a pair of small horns on your
                  | head. [potion of mutation]
  7313 | D:10     | Killed a gargoyle
  7404 | D:10     | Noticed Gastronok
  7436 | D:10     | Killed Gastronok
  7737 | D:10     | Found a portal to a secret trove of treasure.
  7811 | D:10     | Reached XP level 11. HP: 75/75 MP: 14/18
  7817 | D:10     | Reached skill level 10 in Invocations
  7846 | D:9      | Noticed a manticore
  7859 | D:10     | Reached skill level 1 in Armour
  8141 | D:10     | Found an ancient bone altar of Kikubaaqudgha.
  8274 | D:10     | Noticed Nergalle
  8287 | D:10     | Killed Nergalle
  8288 | D:10     | Reached skill level 5 in Armour
  8475 | D:10     | HP: 2/75 [two-headed ogre/+0 giant spiked club (12)]
  8481 | D:10     | Pacified a two-headed ogre
  8585 | D:10     | Reached skill level 1 in Shields
  8713 | D:9      | Noticed a tengu warrior
  8717 | D:9      | Pacified a manticore
  8723 | D:9      | Mangled by a tengu warrior

Illustrated notes

Levels and vault maps discovered:
D:1:      dpeg_arrival_three_same_balls, layout_loops_cross, st_stairs_3
D:2:      layout_loops_ring
D:3:      layout_basic, mainiacjoe_overflow_alcove_1, nicolae_overflow_squiral,
          hellmonk_ecumenical_altar_crossroads, serial_shops,
          nicolae_shop_statue_plus, uniq_sigmund
D:4:      layout_loops_ring, uniq_grinder
D:5:      layout_gridville, gup_sewer_entry_pipe,
          chequers_serial_rivers_large_b, minmay_manual_monstrance
D:6:      layout_cave_pools, minmay_temple_entry_gardened_gates, hex_medium,
          minmay_crystal_water
D:8:      layout_basic, enter_ossuary_2, uniq_maggie
D:9:      cheibrodos_fzero, layout_cave_pods, bloody_trog,
          minmay_lair_entry_grove
D:10:     layout_irregular_city, amcnicky_altar_gilded, enter_trove_6,
          serial_bayou_lagoon_a, st_stairs_10, minmay_ruffians, uniq_gastronok,
          uniq_nergalle

Skill      XL: |  1  2  3  4  5  6  7  8  9 10 11 |
---------------+----------------------------------+-----
Long Blades    | 4 5 |  5.8
Polearms       | 2 4 6 9 11 | 11.6
Invocations    | 3 9 10 | 10.0
Armour         | 6 |  6.1
Shields        | 4 |  4.2
Fighting       | |  3.0
Dodging        | |  3.0
Stealth        | |  2.0

Action                     |  1- 3 |  4- 6 |  7- 9 | 10-12 || total
---------------------------+-------+-------+-------+-------++-------
  Melee: Falchion          |   127 |    85 |       |       ||   212
         Punch             |     1 |       |     5 |     3 ||     9
         Trident           |       |    19 |   280 |   147 ||   446
         Spear             |       |       |   128 |    67 ||   195
         Headbutt          |       |       |       |    27 ||    27
  Throw: Javelin           |       |       |     5 |       ||     5
 Invoke: Heal Self         |       |       |       |     6 ||     6
         Heal Other        |       |       |       |    11 ||    11
  Evoke: Wand              |       |       |     5 |       ||     5
    Use: Scroll            |       |     2 |    12 |     1 ||    15
         Potion            |       |     1 |       |     6 ||     7
   Stab: Sleeping          |     3 |     3 |     4 |       ||    10
 Armour: Ring mail         |    29 |    53 |   157 |    63 ||   302
         Plate armour      |    42 |       |       |       ||    42
  Dodge: Dodged            |    55 |    59 |   169 |    84 ||   367

Table legend: (Time is in decaauts)
 A = Elapsed time spent in this place.
 B = Non-inter-level travel time spent in this place.
 C = Inter-level travel time spent in this place.
 D = Time resting spent in this place.
 E = Time spent auto-exploring this place.
 F = Levels seen in this place.
 G = Mean time per level.
                   A        B        C        D        E       F      G
               +--------+--------+--------+--------+--------+-----+--------+
         Total |   8683 |   8104 |    579 |    416 |   5900 |  11 |  789.4 |
       Dungeon |   7557 |   6978 |    579 |    416 |   5002 |   9 |  839.7 |
         Sewer |    464 |    464 |      0 |      0 |    359 |   1 |  464.0 |
       Ossuary |    661 |    661 |      0 |      0 |    538 |   1 |  661.0 |
               +--------+--------+--------+--------+--------+-----+--------+

Top non-repeatable levels by time:
    D:10: 1650 daAuts
     D:5: 1148 daAuts
     D:3: 1080 daAuts
     D:1: 881 daAuts
     D:2: 822 daAuts
     D:4: 727 daAuts
 Ossuary: 661 daAuts
     D:6: 515 daAuts
   Sewer: 464 daAuts
     D:8: 456 daAuts
     D:9: 275 daAuts
